 Dungeon Crawl Stone Soup version 0.28.0-1-gb440e238dd (webtiles) character file.

Game seed: 15206441455690305302

124 mhtbhm the Shield-Bearer (level 5, 33/33 HPs)
             Began as a Gargoyle Fighter on Feb 20, 2022.
             Was a Follower of Jiyva.
             Quit the game on level 1 of the Dungeon.
             The game lasted 00:02:13 (3237 turns).

mhtbhm the Shield-Bearer (Gargoyle Fighter)         Turns: 3237, Time: 00:02:14

Health: 33/33      AC: 11    Str: 21    XL:     5   Next: 8%
Magic:  5/5        EV:  9    Int:  9    God:    Jiyva [*.....]
Gold:   53         SH:  4    Dex:  9    Spells: 4/4 levels left

rFire   . . .      SeeInvis .   a - +0 flail
rCold   . . .      Faith    .   c - +0 buckler
rNeg    + . .      Spirit   .   b - +0 scale mail
rPois   ∞          Reflect  .   (no helmet)
rElec   +          Harm     .   (no cloak)
rCorr   .          Rampage  .   (no gloves)
Will    .....                   (no boots)
Stlth   ..........              (no amulet)
HPRegen 0.91/turn               (no ring)
MPRegen 0.34/turn               (no ring)

@: no status effects
A: sickness immunity, AC +4, negative energy resistance 1, electricity
resistance, torment resistance 1, petrification resistance
a: Renounce Religion


You were on level 1 of the Dungeon.
You worshipped Jiyva.
Jiyva was aware of your devotion.
You visited 1 branch of the dungeon, and saw 2 of its levels.

You collected 53 gold pieces.

Inventory:

Hand Weapons
 a - a +0 flail (weapon)
Armour
 b - a +0 scale mail (worn)
 c - a +0 buckler (worn)
Scrolls
 g - a scroll of amnesia {unknown}
 i - 2 scrolls of identify {unknown}
 l - a scroll of fear {unknown}
 n - a scroll of summoning {unknown}
Potions
 d - a potion of might
 e - a potion of heal wounds {unknown}
 f - 2 potions of attraction {unknown}
 h - a potion of magic {unknown}
 j - a potion of invisibility {unknown}
 k - 2 potions of degeneration {unknown}
 m - 2 potions of brilliance {unknown}


   Skills:
 + Level 3.9 Fighting
 + Level 2.8 Maces & Flails
 + Level 4.0 Armour
 + Level 1.4 Dodging
 + Level 4.1 Shields


You had 4 spell levels left.
You didn't know any spells.
Your spell library was empty.

Dungeon Overview and Level Annotations

Branches:
Dungeon (2/15)

Altars:
Dithmenos
Jiyva


Innate Abilities, Weirdness & Mutations

You are immune to sickness and miasma.
Your stone body is resilient. (AC +4)
You are immune to poison.
You resist negative energy. (rN+)
You are resistant to electric shocks. (rElec)
You are resistant to unholy torment.
You are immune to petrification.


Message History

An endoplasm is nearby!
An endoplasm is nearby!
The endoplasm barely misses you.
There is an open door here.
You hit the endoplasm.
The endoplasm is severely wounded.
The endoplasm freezes you.
You are frozen.
You sock the endoplasm!
You kill the endoplasm!
No target in view!
No target in view!
No target in view!
No target in view!
No target in view!
No target in view!
As you open the door, it creaks loudly!
There is an open door here.
Done exploring.
Done exploring.
No target in view!
You open the door.
There is an open door here.
There is an open door here.
There is an open door here.
There is a stone staircase leading down here.
You enter the shallow water.
Moving in this stuff is going to be slow.
There is a faded altar of an unknown god here.
You cannot tell which god this altar belongs to.
Convert to them anyway?
Jiyva accepts your prayer! Jiyva welcomes you!
Jiyva begins accelerating your health and magic regeneration.
You enter the shallow water.
Moving in this stuff is going to be slow.
Unknown command.
Are you sure you want to abandon this character and quit the game? (Confirm with "yes".)
Okay, then.
Unknown command.
Are you sure you want to abandon this character and quit the game? (Confirm with "yes".)

#######.# ##################
......#.# #................#
#####.#.# #.##############.#
#...#.#.# #.########.....#.#
##..#.#.# #..............#.#
....#.#.# #....≈≈≈.......#.#
###.#.#.#####....≈_≈.......#.####
.......>.........≈≈≈.).....'.....
###.#.#.#####...@..........#.####
#.........#..............#[.###
#####...###.#..............#....>
...)..................#######.###
............#.######..# #..#
.......(...##########)########.##
##########.#...#...#...#...# #.#.
...# #.'.⌠.'...'...'...# #...
...# #.#...#...#...#...# ##..


There were no monsters in sight!

Vanquished Creatures
  Terence (D:2)
  4 adders (D:2)
  A worm (D:2)
  5 dart slugs
  6 ball pythons
  5 endoplasms (D:1)
  3 giant cockroaches
  7 goblins
  5 hobgoblins
  3 quokkas
  7 bats
  A kobold (D:1)
  2 rats (D:2)
50 creatures vanquished.

Notes
Turn   | Place    | Note
-------+----------+-------------------------------------------
     0 | D:1      | mhtbhm the Gargoyle Fighter began the quest for the Orb.
     0 | D:1      | Reached XP level 1. HP: 14/14 MP: 1/1
   124 | D:1      | Found a faded altar of an unknown god.
   268 | D:1      | Reached XP level 2. HP: 19/19 MP: 2/2
   495 | D:1      | You fall into a shaft and drop 1 floor!
   509 | D:2      | Reached XP level 3. HP: 13/24 MP: 3/3
  1091 | D:2      | Found a shadowy altar of Dithmenos.
  1113 | D:2      | Reached XP level 4. HP: 14/29 MP: 4/4
  1837 | D:2      | Noticed Terence
  1852 | D:2      | Killed Terence
  1853 | D:2      | Reached skill level 1 in Dodging
  2654 | D:1      | Reached XP level 5. HP: 33/33 MP: 5/5
  3232 | D:1      | Prayed at the altar of an unknown god.
  3232 | D:1      | Became a worshipper of Jiyva Jentept the Shapeless
  3232 | D:1      | Reached * piety under Jiyva
  3237 | D:1      | Quit the game

Illustrated notes

Levels and vault maps discovered:
D:1:      co_arrival_random_square_maze, layout_basic,
          hellmonk_ecumenical_altar_pennies_from_heaven
D:2:      layout_loops_corners, basic_altar, minmay_tall_x, uniq_terence

Skill      XL: |  1  2  3  4 |
---------------+-------------+-----
Shields        | 4 |  4.1
Armour         | 4 |  4.0
Dodging        | 1 |  1.4
Fighting       | |  3.9
Maces & Flails | |  2.8

Action                   |  1- 3 |  4- 6 || total
-------------------------+-------+-------++-------
Melee: Flail             |    73 |    87 ||   160
Armor: Scale mail        |    51 |    44 ||    95
Dodge: Dodged            |    43 |    40 ||    83
Block: Buckler           |    21 |    15 ||    36
